Map: Dusk Towers

Players

uThermal

  • Race: Terran Terran

Polt - Winner!

  • Race: Terran Terran

Event: DreamHack Open Tours WCS Spring Championship

VOD

Have the link to the VOD?

Description

Time

  • Played on: May 15, 2016, 4:47 a.m.
  • Length: 5:53

All games in this series

Show
View Real Time Build Order
Export as new Build Order

uThermal Terran 

Build Orders: Reaper Expand 

Get SALT Encoding   

  12  0:09  Supply Depot  
  12  0:14  SCV  
  13  0:36  Barracks  
  13  0:38  Refinery  
  13  0:52  Barracks  
  13  0:59  SCV  
  14  1:11  SCV  
  15  1:23  SCV  
  15  1:24  Reaper  
  17  1:35  Orbital Command  
  17  1:39  Reaper  
  19  2:03  SCV  
  19  2:22  SCV  
  17  2:33  Command Center  
  17  2:34  SCV  
  17  2:36  Factory  
  18  2:45  Supply Depot  
  18  2:46  SCV  
  19  2:58  SCV  
  20  3:10  SCV  
  21  3:23  SCV  
  21  3:24  Hellion, Starport  
  24  3:32  Supply Depot  
  24  3:35  SCV  
  25  3:45  Hellion, Orbital Command  
  25  3:47  SCV  
  28  3:49  Refinery  
  28  3:59  SCV, Engineering Bay  
  28  4:01  Medivac  
  31  4:06  Hellion  
  33  4:11  SCV x2  
  35  4:23  SCV x2  
  37  4:24  Barracks Tech Lab  
  37  4:28  Barracks, Barracks Reactor  
  37  4:33  Viking  
  37  4:35  SCV x2  
  41  4:42  Missile Turret  
  41  4:44  Marine, Missile Turret  
  42  4:47  SCV x2  
  44  4:54  Supply Depot  
  44  4:59  SCV  
  45  5:02  Marine, Factory Tech Lab  
  45  5:03  SCV  
  47  5:11  SCV  
  47  5:12  Marine x2  
  50  5:15  SCV  
  51  5:22  Marine x2  
  51  5:23  SCV  
  56  5:29  Marine  
  56  5:32  Marine  
  56  5:33  Supply Depot  
Show
View Real Time Build Order
Export as new Build Order

Polt Terran - Winner!

Build Orders:  

Get SALT Encoding   

  12  0:00  SCV  
  13  0:12  SCV  
  14  0:17  Supply Depot  
  14  0:25  SCV  
  15  0:38  SCV  
  15  0:39  Barracks  
  16  0:44  Refinery  
  16  0:50  SCV  
  17  1:03  SCV  
  18  1:15  SCV  
  19  1:27  Orbital Command  
  19  1:29  Reaper  
  20  1:32  Bunker  
  20  1:45  Barracks  
  20  1:50  Bunker  
  20  1:57  Barracks  
  20  2:01  Marine  
  21  2:14  Supply Depot  
  21  2:16  SCV  
  21  2:22  Marine  
  23  2:35  SCV  
  24  2:48  Factory  
  24  2:50  SCV  
  24  2:51  Marine x2, Barracks Tech Lab  
  25  2:53  Refinery  
  27  3:02  SCV  
  27  3:05  Supply Depot  
  27  3:10  Stimpack  
  27  3:14  SCV, Marine x3  
  31  3:27  SCV  
  32  3:31  Marine x2  
  32  3:32  Marine  
  32  3:33  Starport  
  35  3:38  Factory Reactor  
  35  3:42  Supply Depot  
  35  3:50  Marine x3  
  38  3:57  Supply Depot  
  38  4:02  Engineering Bay  
  38  4:10  Marine x3  
  41  4:21  Medivac  
  41  4:22  Medivac  
  44  4:29  Marauder  
  46  4:33  Marine x2  
  48  4:43  Supply Depot  
  48  4:50  Viking  
  48  4:52  Medivac  
  52  4:55  Marine  
  52  4:57  Marine  
  54  5:00  Marine  
  55  5:12  Supply Depot  
  55  5:13  Marine  
  55  5:15  Marine  
  55  5:18  Marine  

Tags
 
Add a new tag
Caveats
  • Supply blocks, unpowered buildings, or Contaminate may cause inaccurate times.
  • Supply counts are checked every 10 seconds.